[Event "Titled Tuesday Blitz July 11 Late 2023"]
[White "Bortnyk, Mykola"]
[Black "Shohat, Yotam"]
[WhiteFideId "14120836"]
[BlackFideId "2813955"]
[WhiteElo "3002"]
[BlackElo "2567"]
[Result "1-0"]
[Round "2"]
[TimeControl "180+2"]
[Date "2023.07.11"]
[WhiteClock "0:01:34"]
[BlackClock "0:00:03"]
[Board "14"]

1. e4 c5 2. c3 Nf6 3. e5 Nd5 4. Nf3 d6 5. Bc4 dxe5 6. Nxe5 e6 7. O-O Nd7 8. Nf3 N7b6 9. Bb3 Be7 10. d4 cxd4 11. Qxd4 O-O 12. a4 a5 13. Rd1 Bd7 14. c4 Nb4 15. Be3 Ra6 16. Nc3 Bc6 17. Qg4 Qc7 18. Bd4 g6 19. Ne5 Nd7 20. Qg3 Bd6 21. Nxd7 Bxd7 22. Qh4 e5 23. Be3 Raa8 24. Bh6 1-0


[Site "https://www.chess.com"]

[Event "Titled Tuesday Blitz July 11 Late 2023"]
[White "Karttunen, Mika"]
[Black "Deac, Bogdan-Daniel"]
[WhiteFideId "502081"]
[BlackFideId "1226380"]
[WhiteElo "2566"]
[BlackElo "2993"]
[Result "0-1"]
[Round "2"]
[TimeControl "180+2"]
[Date "2023.07.11"]
[WhiteClock "0:00:05"]
[BlackClock "0:00:08"]
[Board "15"]

1. c4 f5 2. d4 Nf6 3. Nf3 g6 4. g3 Bg7 5. Bg2 d6 6. O-O O-O 7. Nc3 c6 8. b3 Qa5 9. Bb2 e5 10. a3 e4 11. Ne1 Be6 12. Nc2 Nbd7 13. Kh1 d5 14. c5 g5 15. f4 gxf4 16. gxf4 Kh8 17. e3 Qd8 18. h3 Bh6 19. b4 Rg8 20. a4 Nf8 21. Rg1 Ng6 22. Bf1 Nh4 23. Rxg8+ Qxg8 24. Qe1 Nf3 25. Qf2 Nh5 26. Ne2 Qd8 27. Ne1 Nh4 28. Ng2 Ng6 29. Bc3 Bf8 30. b5 Be7 31. Be1 Qd7 32. Rb1 Rg8 33. Ng1 Nf8 34. bxc6 bxc6 35. Qb2 Ng3+ 36. Bxg3 Rxg3 37. Kh2 Rg7 38. Qb8 Bd8 39. Qb4 Qc8 40. Qd2 Qc7 41. Qc3 Ng6 42. Qd2 Nh4 43. Nxh4 Bxh4 44. Bg2 Bg3+ 45. Kh1 h5 46. Ne2 Bh4 47. Ng1 Kh7 48. Ne2 Kh6 49. Ng1 Qc8 50. Qe2 Rb7 51. Rb2 Qb8 52. Rxb7 Qxb7 53. Qc2 Qb4 54. Ne2 Bc8 55. Kh2 Ba6 56. Bf1 Qe1 57. Kg2 Qf2+ 0-1


[Site "https://www.chess.com"]

[Event "Titled Tuesday Blitz July 11 Late 2023"]
[White "Siniauski, Artsiom"]
[Black "He, Anthony"]
[WhiteFideId "13512269"]
[BlackFideId "2088215"]
[WhiteElo "2566"]
[BlackElo "2991"]
[Result "0-1"]
[Round "2"]
[TimeControl "180+2"]
[Date "2023.07.11"]
[WhiteClock "0:00:01"]
[BlackClock "0:01:59"]
[Board "16"]

1. e4 e5 2. Nf3 Nc6 3. Bb5 a6 4. Ba4 Nf6 5. Bxc6 dxc6 6. d3 Bd6 7. b3 O-O 8. Bb2 Qe7 9. Nbd2 Nd7 10. Nc4 Bb4+ 11. c3 Bc5 12. Qd2 f6 13. O-O-O a5 14. d4 exd4 15. cxd4 Bb4 16. Qe3 b5 17. Ncd2 a4 18. Kc2 c5 19. d5 Nb6 20. Rhe1 Re8 21. Kd3 axb3 22. axb3 Ra2 23. Rb1 c4+ 24. Ke2 Rxb2 25. Rxb2 c3 26. Rc2 cxd2 27. Nxd2 Nxd5 28. Qd4 Nf4+ 29. Kf1 c5 30. Qe3 Ne6 31. f3 Bb7 32. Ra2 Rd8 33. Re2 Qd6 34. e5 fxe5 35. Qxe5 Qxe5 36. Rxe5 Nf4 37. Re7 Bd5 38. Ne4 Bxb3 39. Raa7 Bc4+ 40. Kf2 Ne6 41. Kg3 Bd5 42. Kh3 c4 43. Rac7 Nxc7 0-1


[Site "https://www.chess.com"]

[Event "Titled Tuesday Blitz July 11 Late 2023"]
[White "Kollars, Dmitrij"]
[Black "Manukyan, Artyom"]
[WhiteFideId "12909572"]
[BlackFideId "13305786"]
[WhiteElo "2990"]
[BlackElo "2563"]
[Result "0-1"]
[Round "2"]
[TimeControl "180+2"]
[Date "2023.07.11"]
[WhiteClock "0:00:02"]
[BlackClock "0:00:24"]
[Board "17"]

1. Nf3 d5 2. d4 Nf6 3. Bf4 c5 4. e3 Nc6 5. Nbd2 Nh5 6. Bg5 h6 7. Bh4 g5 8. Ne5 Nf6 9. Bg3 cxd4 10. Nxc6 bxc6 11. exd4 Bg7 12. Be5 Bf5 13. Nb3 a5 14. a4 O-O 15. h4 g4 16. Bd3 Ne4 17. Bxg7 Kxg7 18. Bxe4 dxe4 19. Qd2 Re8 20. O-O e5 21. g3 Rb8 22. Qc3 Rxb3 23. Qxb3 exd4 24. Qc4 Qd6 25. c3 c5 26. cxd4 cxd4 27. Rac1 e3 28. Qc5 Qxc5 29. Rxc5 Bd3 30. Re1 e2 31. Rxa5 Bc4 32. Ra7 d3 33. Rd7 Re5 34. b3 Bd5 35. f4 gxf3 0-1


[Site "https://www.chess.com"]

[Event "Titled Tuesday Blitz July 11 Late 2023"]
[White "Ballester Llagaria, Luis Eduardo"]
[Black "Esipenko, Andrey"]
[WhiteFideId "2297620"]
[BlackFideId "24175439"]
[WhiteElo "2559"]
[BlackElo "2983"]
[Result "0-1"]
[Round "2"]
[TimeControl "180+2"]
[Date "2023.07.11"]
[WhiteClock "0:01:02"]
[BlackClock "0:00:40"]
[Board "18"]

1. e4 c6 2. Nc3 d5 3. Nf3 Bg4 4. h3 Bxf3 5. Qxf3 e6 6. d4 Nf6 7. Be3 Bb4 8. Bd3 c5 9. exd5 Qxd5 10. Qxd5 Nxd5 11. Bd2 cxd4 12. Nxd5 Bxd2+ 13. Kxd2 exd5 14. Rhe1+ Kd7 15. Re5 Kd6 16. Rae1 Nc6 17. Rg5 g6 18. a3 Rae8 19. Rxe8 Rxe8 20. b4 a6 21. f4 Re3 22. f5 Ne5 23. fxg6 hxg6 24. h4 f6 25. Rxg6 Nxg6 26. Bxg6 Rg3 27. h5 Rxg2+ 28. Ke1 Ke5 29. Kf1 0-1


[Site "https://www.chess.com"]

[Event "Titled Tuesday Blitz July 11 Late 2023"]
[White "Kramnik, Vladimir"]
[Black "Fiorito, Francisco"]
[WhiteFideId "4101588"]
[BlackFideId "180165"]
[WhiteElo "2983"]
[BlackElo "2556"]
[Result "0-1"]
[Round "2"]
[TimeControl "180+2"]
[Date "2023.07.11"]
[WhiteClock "0:00:00"]
[BlackClock "0:00:09"]
[Board "19"]

1. c4 c5 2. g3 g6 3. Bg2 Bg7 4. Nc3 Nc6 5. d3 e6 6. h4 h5 7. Bg5 Qb6 8. Ne4 Nd4 9. Qd2 d6 10. Nf3 Nf5 11. Rb1 a5 12. O-O Bd7 13. a3 a4 14. Qc2 Qc7 15. b4 axb3 16. Qxb3 Bc6 17. Nc3 Nge7 18. Nb5 Qd7 19. e4 Nh6 20. d4 cxd4 21. Nfxd4 O-O 22. Rfd1 Nc8 23. e5 d5 24. cxd5 exd5 25. Nc3 Ne7 26. Bxe7 Qxe7 27. Nxd5 Qxe5 28. Nxc6 bxc6 29. Re1 Qd6 30. Ne7+ Kh7 31. Qb4 Qd3 32. Rb3 Qd8 33. Nxc6 Qf6 34. a4 Rae8 35. Rf1 Ng4 36. Qf4 Qe6 37. Rbb1 Bh6 38. Qf3 Rc8 39. a5 Qa2 40. Ra1 Qc2 41. a6 Ra8 42. Nb4 Qb2 43. Nd5 Bg7 44. a7 Ne5 45. Qe4 Qb7 46. Nf6+ Bxf6 47. Qxb7 Ng4 48. Qxa8 Kg7 49. Qxf8+ Kxf8 50. a8=Q+ Kg7 51. Qc8 Ne5 52. Ra8 Nf3+ 0-1


[Site "https://www.chess.com"]

[Event "Titled Tuesday Blitz July 11 Late 2023"]
[White "Maghsoodloo, Parham"]
[Black "FromTexas54"]
[WhiteFideId "12539929"]
[WhiteElo "2975"]
[BlackElo "2554"]
[Result "1-0"]
[Round "2"]
[TimeControl "180+2"]
[Date "2023.07.11"]
[WhiteClock "0:00:10"]
[BlackClock "0:00:00"]
[Board "20"]

1. e4 e5 2. Nf3 Nc6 3. Bb5 a6 4. Ba4 Nf6 5. d3 d6 6. c3 g6 7. O-O Bg7 8. Re1 O-O 9. h3 h6 10. d4 b5 11. Bc2 exd4 12. cxd4 Nb4 13. Bb3 c5 14. Bd2 Nc6 15. d5 Na5 16. Bc2 Nc4 17. Bc1 Re8 18. Nbd2 Nxd2 19. Bxd2 Bb7 20. Qc1 Kh7 21. a3 Qb6 22. Bc3 Re7 23. b4 Rae8 24. bxc5 Qxc5 25. Bd4 Qc7 26. Qb2 Nh5 27. Bxg7 Nxg7 28. Bd3 Qb6 29. g4 Kg8 30. Qf6 Rd7 31. Rac1 Qd8 32. Qxd8 Rexd8 33. Nd4 Ne8 34. f3 Nf6 35. Rc2 Nh7 36. Rec1 Ng5 37. h4 Nh7 38. Kf2 Nf6 39. Nb3 Re7 40. Na5 Ba8 41. Rc7 Rxc7 42. Rxc7 Nd7 43. Ke3 Nc5 44. Bc2 Kf8 45. Kd4 Ke8 46. Nc6 Bxc6 47. Rxc6 Kd7 48. e5 Nb7 49. f4 dxe5+ 50. fxe5 Rc8 51. Be4 Nd8 52. Rxa6 Rc4+ 53. Kd3 1-0


[Site "https://www.chess.com"]

[Event "Titled Tuesday Blitz July 11 Late 2023"]
[White "Bruedigam, Martin"]
[Black "Van Foreest, Jorden"]
[WhiteFideId "24608033"]
[BlackFideId "1039784"]
[WhiteElo "2554"]
[BlackElo "2974"]
[Result "0-1"]
[Round "2"]
[TimeControl "180+2"]
[Date "2023.07.11"]
[WhiteClock "0:00:01"]
[BlackClock "0:00:50"]
[Board "21"]

1. e4 e5 2. Nf3 Nc6 3. Bc4 Bc5 4. c3 Nf6 5. d3 d6 6. O-O a6 7. a4 Ba7 8. Nbd2 h6 9. Re1 O-O 10. h3 Ne7 11. Nf1 Ng6 12. Ng3 c6 13. Bb3 d5 14. exd5 Nxd5 15. d4 exd4 16. Nxd4 Be6 17. Be3 Nxe3 18. Rxe3 Bxb3 19. Qxb3 c5 20. Ndf5 c4 21. Qxc4 Bxe3 22. Nxe3 Rc8 23. Qg4 Qg5 24. Qf3 Rc7 25. Nd5 Rd7 26. c4 Ne5 27. Qd1 Qd8 28. b3 b5 29. axb5 axb5 30. Nf5 bxc4 31. bxc4 Qg5 32. g4 Nxc4 33. Qd4 Nd6 34. f4 Nxf5 35. Qa4 Qd8 0-1


[Site "https://www.chess.com"]

[Event "Titled Tuesday Blitz July 11 Late 2023"]
[White "Sviridov, Valery"]
[Black "Przybylski, Wojciech"]
[WhiteFideId "4120680"]
[BlackFideId "1117599"]
[WhiteElo "2971"]
[BlackElo "2551"]
[Result "1-0"]
[Round "2"]
[TimeControl "180+2"]
[Date "2023.07.11"]
[WhiteClock "0:01:28"]
[BlackClock "0:00:31"]
[Board "22"]

1. d4 d5 2. Nc3 c6 3. Bf4 Nf6 4. e3 Bf5 5. Nf3 Nbd7 6. Bd3 e6 7. h3 Bb4 8. g4 Ne4 9. gxf5 Nxc3 10. Qd2 Qa5 11. a3 c5 12. O-O Ne4 13. axb4 Nxd2 14. Rxa5 Nxf3+ 15. Kg2 c4 16. Kxf3 cxd3 17. cxd3 b6 18. Ra6 exf5 19. Rfa1 Ke7 20. Rxa7 Rxa7 21. Rxa7 Rc8 22. Bc7 Ke6 23. b5 g5 24. Rb7 h5 25. b4 h4 26. Bxb6 Rc2 27. Bc5 Rc1 28. Rc7 Rg1 29. Rc6# 1-0


[Site "https://www.chess.com"]

[Event "Titled Tuesday Blitz July 11 Late 2023"]
[White "only_strong_moves"]
[Black "Makarian, Rudik"]
[BlackFideId "44105681"]
[WhiteElo "2551"]
[BlackElo "2966"]
[Result "0-1"]
[Round "2"]
[TimeControl "180+2"]
[Date "2023.07.11"]
[WhiteClock "0:00:14"]
[BlackClock "0:00:17"]
[Board "23"]

1. d4 Nf6 2. c4 e6 3. Nf3 d5 4. Nc3 dxc4 5. e4 b5 6. e5 Nd5 7. Nxb5 Nb6 8. Be2 Nc6 9. O-O Be7 10. Be3 O-O 11. Qc1 Nb4 12. a3 Nd3 13. Qd2 Ba6 14. Nc3 c5 15. b3 cxd4 16. Bxd4 Nc5 17. Bxc5 Bxc5 18. Ne4 Be7 19. Qb2 Bb7 20. Rfd1 Qc7 21. Nd6 cxb3 22. Rac1 Qb8 23. Qxb3 Bd5 24. Qe3 Bxd6 25. exd6 Qxd6 26. Nd4 Qe7 27. Nf5 Qf6 28. Nd6 Rfd8 29. Nb5 Qg6 30. f3 Rd7 31. Nc7 Rad8 32. Bb5 Rd6 33. Ne8 Rxe8 34. Bxe8 Rd8 35. Bb5 h5 36. Qf2 Qg5 37. h4 Qf4 38. Bc6 g6 39. Bxd5 Nxd5 40. Rd4 Qxc1+ 41. Kh2 Qc7+ 42. Kg1 Rb8 43. Rd1 Qb6 44. Qxb6 Rxb6 45. Rc1 Ra6 46. Rc8+ Kg7 47. Ra8 Rxa3 48. Re8 a5 49. Rd8 a4 50. Rc8 Ra1+ 51. Kh2 a3 52. Ra8 a2 53. g3 Nc3 54. Kh3 Rb1 55. g4 a1=Q 56. Rxa1 Rxa1 57. gxh5 gxh5 58. Kg3 0-1


[Site "https://www.chess.com"]

[Event "Titled Tuesday Blitz July 11 Late 2023"]
[White "Arencibia Monduy, Antonio"]
[Black "Chigaev, Maksim"]
[WhiteFideId "3507939"]
[BlackFideId "4108116"]
[WhiteElo "2550"]
[BlackElo "2948"]
[Result "0-1"]
[Round "2"]
[TimeControl "180+2"]
[Date "2023.07.11"]
[WhiteClock "0:00:00"]
[BlackClock "0:00:03"]
[Board "24"]

1. e4 c5 2. Nf3 d6 3. c3 Nf6 4. Bd3 Nc6 5. h3 g5 6. Bc2 g4 7. hxg4 Bxg4 8. d3 h5 9. Bf4 Rg8 10. Nbd2 e5 11. Be3 d5 12. exd5 Qxd5 13. Ne4 Be7 14. Bb3 Qd7 15. Nxf6+ Bxf6 16. Qc2 O-O-O 17. O-O-O b6 18. Ba4 Qb7 19. Rde1 Kb8 20. Nd2 Rc8 21. Ne4 Be7 22. Bxc6 Qxc6 23. f3 Be6 24. c4 h4 25. f4 f5 26. Ng5 exf4 27. Bxf4+ Ka8 28. Rxe6 Bxg5 29. Rxc6 Bxf4+ 30. Kb1 Rxc6 31. Rf1 Be5 32. Rxf5 h3 33. Qf2 hxg2 34. Rf8+ Rxf8 35. Qxf8+ Kb7 36. Qf7+ Ka6 37. Qf2 Rg6 0-1


[Site "https://www.chess.com"]

[Event "Titled Tuesday Blitz July 11 Late 2023"]
[White "Svane, Rasmus"]
[Black "Palencia Morales, Wilson Guillermo"]
[WhiteFideId "4657101"]
[BlackFideId "4401859"]
[WhiteElo "2942"]
[BlackElo "2547"]
[Result "1-0"]
[Round "2"]
[TimeControl "180+2"]
[Date "2023.07.11"]
[WhiteClock "0:00:21"]
[BlackClock "0:00:00"]
[Board "25"]

1. Nf3 Nf6 2. g3 b6 3. Bg2 Bb7 4. O-O e6 5. d4 Be7 6. c4 c5 7. d5 exd5 8. Nh4 O-O 9. Nc3 Re8 10. Nf5 Bf8 11. Ne3 d6 12. Nexd5 Nxd5 13. Nxd5 Nc6 14. Bf4 Rb8 15. Qd2 Ne5 16. b3 a6 17. Rad1 b5 18. Qc3 bxc4 19. bxc4 Qc8 20. Rd2 Bc6 21. Rfd1 Qb7 22. h4 Qc8 23. Bxe5 dxe5 24. Qc2 Qb7 25. Be4 h6 26. Nc3 Bxe4 27. Nxe4 Qc7 28. h5 Rbd8 29. Rd5 Rxd5 30. cxd5 f5 31. d6 Qc6 32. Qc4+ Kh8 33. Nxc5 Bxd6 34. Qxa6 Qxa6 35. Nxa6 Re6 36. a4 Ba3 37. Nc7 Rc6 38. Nb5 Bb4 39. Rd5 e4 40. Rxf5 Ra6 41. Re5 Rxa4 42. Rxe4 Ra1+ 43. Kg2 Rb1 44. Nd4 Bc5 45. Nf5 Rb2 46. Re5 Bb6 47. Re8+ Kh7 48. Re7 1-0


[Site "https://www.chess.com"]

[Event "Titled Tuesday Blitz July 11 Late 2023"]
[White "Thorfinnsson, Bragi"]
[Black "Zakhartsov, Vladimir"]
[WhiteFideId "2300958"]
[BlackFideId "4145097"]
[WhiteElo "2545"]
[BlackElo "2934"]
[Result "0-1"]
[Round "2"]
[TimeControl "180+2"]
[Date "2023.07.11"]
[WhiteClock "0:00:00"]
[BlackClock "0:01:51"]
[Board "26"]

1. e4 c5 2. Nf3 d6 3. Bb5+ Nd7 4. a4 Nf6 5. O-O a6 6. Bc4 Nxe4 7. Re1 Nef6 8. d4 d5 9. Bf1 e6 10. Nc3 Be7 11. dxc5 Nxc5 12. b3 b6 13. Bb2 Bb7 14. Ne2 O-O 15. Ng3 Rc8 16. Ne5 Nce4 17. Nxe4 Nxe4 18. Bd3 Bf6 19. Qg4 Nc5 20. Bxh7+ Kxh7 21. Qh5+ Kg8 22. Re3 Bxe5 23. Rh3 f6 24. Bxe5 fxe5 25. Qh7+ Kf7 26. Rf3+ Ke7 27. Qxg7+ Kd6 28. Rxf8 Qxf8 29. b4 Qxg7 0-1


[Site "https://www.chess.com"]

[Event "Titled Tuesday Blitz July 11 Late 2023"]
[White "Tahbaz, Arash"]
[Black "Rottenwohrer Suarez, Juan"]
[WhiteFideId "12528846"]
[BlackFideId "32068182"]
[WhiteElo "2932"]
[BlackElo "2544"]
[Result "1-0"]
[Round "2"]
[TimeControl "180+2"]
[Date "2023.07.11"]
[WhiteClock "0:00:16"]
[BlackClock "0:00:00"]
[Board "27"]

1. Nf3 Nf6 2. g3 b6 3. Bg2 Bb7 4. O-O g6 5. d4 Bg7 6. c4 O-O 7. d5 Na6 8. Nc3 Nc5 9. Rb1 a5 10. Nd4 e5 11. Ndb5 d6 12. e4 Ne8 13. b3 f5 14. exf5 gxf5 15. f4 e4 16. Be3 Nd3 17. Nd4 Bc8 18. Ncb5 Qf6 19. Qh5 Qg6 20. Qxg6 hxg6 21. Rfd1 Bd7 22. Bf1 Nc5 23. Be2 Kf7 24. h4 Bxb5 25. Nxb5 Ke7 26. Nd4 Kd7 27. h5 gxh5 28. Bxh5 Bxd4 29. Bxd4 Nf6 30. Be2 Ke7 31. Kg2 Rh8 32. Rh1 Rag8 33. a3 Rxh1 34. Rxh1 Nxb3 35. Bc3 Nc5 36. Rh6 Ncd7 37. Bd4 Rg7 38. Bd1 Rh7 39. Rg6 Rf7 40. Rg5 Nh7 41. Rh5 Ndf8 42. Ba4 Ng6 43. Bc6 Ngf8 44. Bb7 Ng6 45. Bc8 Nf6 46. Rxf5 Ne8 47. Rxf7+ Kxf7 48. Bf5 Nf6 49. Bxf6 Kxf6 50. Bxe4 Nf8 51. g4 Nd7 52. g5+ Kg7 53. Kf3 Nc5 54. Bc2 Nd7 55. Kg4 Kf7 56. Ba4 Nb8 57. Bb5 Kg7 58. f5 Kf7 59. f6 Kg6 60. Kf4 Kf7 61. Kf5 1-0


[Site "https://www.chess.com"]

[Event "Titled Tuesday Blitz July 11 Late 2023"]
[White "Shimanov, Aleksandr"]
[Black "Aggelis, Nikolaos"]
[WhiteFideId "4198603"]
[BlackFideId "4213220"]
[WhiteElo "2928"]
[BlackElo "2539"]
[Result "1-0"]
[Round "2"]
[TimeControl "180+2"]
[Date "2023.07.11"]
[WhiteClock "0:01:46"]
[BlackClock "0:00:31"]
[Board "28"]

1. Nf3 f5 2. d3 Nc6 3. d4 e6 4. c4 Nf6 5. a3 d5 6. Nc3 Be7 7. Bf4 Nh5 8. Bd2 O-O 9. g3 Kh8 10. Bg2 Nf6 11. O-O Ne4 12. Rc1 Nxd2 13. Qxd2 Na5 14. cxd5 Nb3 15. Qc2 Nxc1 16. dxe6 Bxe6 17. Rxc1 c6 18. e3 Qa5 19. Ne5 Rac8 20. h4 b6 21. Nxc6 Rxc6 22. Bxc6 f4 23. exf4 Qh5 24. Qe2 Qf7 25. Re1 1-0


[Site "https://www.chess.com"]

[Event "Titled Tuesday Blitz July 11 Late 2023"]
[White "Keymer, Vincent"]
[Black "Bilan, Danila"]
[WhiteFideId "12940690"]
[BlackFideId "24161918"]
[WhiteElo "2921"]
[BlackElo "2538"]
[Result "1-0"]
[Round "2"]
[TimeControl "180+2"]
[Date "2023.07.11"]
[WhiteClock "0:01:02"]
[BlackClock "0:00:04"]
[Board "29"]

1. a3 d5 2. Nf3 Nf6 3. e3 c5 4. b4 e6 5. bxc5 Bxc5 6. d4 Bd6 7. c4 O-O 8. Nbd2 b6 9. Bd3 Bb7 10. O-O Ne4 11. Bb2 Nd7 12. Rc1 Rc8 13. Qa4 Bb8 14. cxd5 exd5 15. Rxc8 Qxc8 16. Rc1 Qd8 17. h3 Qe7 18. Ba6 Ba8 19. Qb3 Qd6 20. Qd3 h6 21. a4 Re8 22. Bb5 Rd8 23. Ne5 Nxe5 24. dxe5 Qe7 25. f4 Nc5 26. Qe2 Ne6 27. Nf3 d4 28. Nxd4 Nxd4 29. Bxd4 Qe6 30. Bc4 Bd5 31. Bxd5 Qxd5 32. Qc4 Qe4 33. Qc6 Qd3 34. e6 fxe6 35. Qxe6+ Kh7 36. f5 Rxd4 37. exd4 Qxd4+ 38. Kh1 Qf4 39. Qg6+ Kg8 40. Rc8# 1-0


[Site "https://www.chess.com"]

[Event "Titled Tuesday Blitz July 11 Late 2023"]
[White "Ibarra Jerez, Jose Carlos"]
[Black "Graif, William"]
[WhiteFideId "2226332"]
[BlackFideId "2609835"]
[WhiteElo "2918"]
[BlackElo "2538"]
[Result "1-0"]
[Round "2"]
[TimeControl "180+2"]
[Date "2023.07.11"]
[WhiteClock "0:00:04"]
[BlackClock "0:00:16"]
[Board "30"]

1. e4 e5 2. Nf3 Bc5 3. Nxe5 Nc6 4. Nf3 d5 5. exd5 Qxd5 6. Nc3 Qh5 7. Be2 Bg4 8. Ne4 O-O-O 9. h3 Nf6 10. Nxc5 Bxf3 11. Bxf3 Qxc5 12. O-O h5 13. c3 g5 14. d4 Qf5 15. Bxc6 bxc6 16. Qf3 Qxf3 17. gxf3 g4 18. Bg5 Rd6 19. Bxf6 Rxf6 20. fxg4 hxg4 21. hxg4 Rfh6 22. Kg2 Rh2+ 23. Kg3 R8h3+ 24. Kf4 Rd3 25. Rae1 Rd2 26. Kg3 Rh7 27. b4 Rxa2 28. Re3 Kd7 29. Rfe1 Rc2 30. Rf3 Rg7 31. Re5 Kd6 32. Rc5 Rc1 33. Rf6+ Kd7 34. Rfxc6 Rg1+ 35. Kf3 R1xg4 36. Rxc7+ Kd8 37. Rxa7 R4g6 38. b5 Rf6+ 39. Ke3 Re6+ 40. Re5 Rxe5+ 41. dxe5 Rg6 42. c4 Re6 43. f4 Rb6 44. Rxf7 Rh6 45. Ke4 Rh3 46. c5 Rh1 47. b6 Re1+ 48. Kd5 Rd1+ 49. Kc6 Rc1 50. b7 Rb1 51. b8=Q+ Rxb8 52. Rf8+ Ke7 53. Rxb8 Ke6 54. Rd8 Kf5 55. Kd5 Kxf4 56. e6 Kf5 57. e7 Kf6 58. e8=Q Kf5 59. Qe5+ Kg4 60. Rg8+ Kf3 61. Rg3+ Kf2 62. Qe3+ Kf1 63. Rg1# 1-0


[Site "https://www.chess.com"]

[Event "Titled Tuesday Blitz July 11 Late 2023"]
[White "Richter, Paul"]
[Black "Gordievsky, Dmitry"]
[WhiteFideId "2046350"]
[BlackFideId "24112798"]
[WhiteElo "2537"]
[BlackElo "2917"]
[Result "0-1"]
[Round "2"]
[TimeControl "180+2"]
[Date "2023.07.11"]
[WhiteClock "0:00:00"]
[BlackClock "0:00:29"]
[Board "31"]

1. e4 c5 2. Nf3 e6 3. d3 Nc6 4. Nbd2 g6 5. g3 Bg7 6. Bg2 d6 7. O-O Nge7 8. a4 O-O 9. c3 b6 10. Re1 Ba6 11. Qc2 Qd7 12. Nc4 Rad8 13. Bf4 d5 14. Nce5 Nxe5 15. Nxe5 Qc8 16. Ng4 dxe4 17. dxe4 Bd3 18. Qc1 f6 19. e5 f5 20. Nf6+ Kh8 21. Bh6 Ng8 22. Bxg7+ Kxg7 23. Nxg8 Kxg8 24. Qg5 c4 25. Qf4 Kg7 26. h4 h6 27. Red1 Qc5 28. Rd2 Rd7 29. Rad1 Rfd8 30. Bf1 Rd5 31. Bxd3 Rxd3 32. Rxd3 Rxd3 33. Rxd3 cxd3 34. Qd2 Qd5 35. Kh2 Qf3 36. c4 g5 37. Qb4 Qxf2+ 38. Kh1 Qf1+ 39. Kh2 Qe2+ 40. Kh1 Kg6 41. Qf8 Kh5 42. Qe8+ Kg4 0-1


[Site "https://www.chess.com"]

[Event "Titled Tuesday Blitz July 11 Late 2023"]
[White "Grigoriants, Sergey"]
[Black "Yelisieiev, Yevhenii"]
[WhiteFideId "4130804"]
[BlackFideId "14139642"]
[WhiteElo "2917"]
[BlackElo "2536"]
[Result "1-0"]
[Round "2"]
[TimeControl "180+2"]
[Date "2023.07.11"]
[WhiteClock "0:00:05"]
[BlackClock "0:00:00"]
[Board "32"]

1. d4 d6 2. e4 Nf6 3. f3 e5 4. Ne2 Be7 5. c4 O-O 6. Nbc3 Nbd7 7. Be3 c6 8. Qd2 a6 9. Ng3 Re8 10. Be2 b5 11. O-O Bf8 12. Rfd1 g6 13. Rac1 Bb7 14. Bf1 Rc8 15. b4 a5 16. a3 axb4 17. axb4 bxc4 18. Bxc4 d5 19. exd5 cxd5 20. Bb5 Bxb4 21. Qb2 Qa5 22. Nge2 e4 23. fxe4 dxe4 24. d5 Ne5 25. Bd4 Re7 26. Ra1 Bxc3 27. Bxc3 Qc7 28. d6 Qb6+ 29. Kh1 Nd3 30. Bxd3 Qxb2 31. Bxb2 exd3 32. dxe7 dxe2 33. Rd8+ Ne8 34. Re1 Ba6 35. Rxe2 1-0


[Site "https://www.chess.com"]

[Event "Titled Tuesday Blitz July 11 Late 2023"]
[White "Sidletskyi, Ivan"]
[Black "Rustemov, Alexander"]
[WhiteFideId "14156024"]
[BlackFideId "4119002"]
[WhiteElo "2535"]
[BlackElo "2914"]
[Result "0-1"]
[Round "2"]
[TimeControl "180+2"]
[Date "2023.07.11"]
[WhiteClock "0:00:15"]
[BlackClock "0:01:16"]
[Board "33"]

1. c4 c5 2. Nc3 g6 3. g3 Bg7 4. Bg2 Nc6 5. e3 Bxc3 6. dxc3 Qc7 7. Ne2 b6 8. e4 Bb7 9. Bf4 d6 10. Qd2 h5 11. h3 Nf6 12. Bg5 Nd7 13. Be3 O-O-O 14. O-O-O Kb8 15. f4 f5 16. Rhe1 Na5 17. b3 Nf6 18. Ng1 Bxe4 19. Nf3 Qc6 20. Rf1 Rhe8 21. Rf2 e6 22. Kb2 Qc7 23. Ng5 d5 24. cxd5 exd5 25. Bxe4 Nxe4 26. Nxe4 Rxe4 27. Re2 Rde8 28. Rde1 Qd6 29. Bf2 Kc7 30. c4 dxc4 0-1


[Site "https://www.chess.com"]

[Event "Titled Tuesday Blitz July 11 Late 2023"]
[White "Antipov, Mikhail Al."]
[Black "Hajiyev, Kanan"]
[WhiteFideId "4107012"]
[BlackFideId "13404148"]
[WhiteElo "2886"]
[BlackElo "2534"]
[Result "1-0"]
[Round "2"]
[TimeControl "180+2"]
[Date "2023.07.11"]
[WhiteClock "0:01:04"]
[BlackClock "0:00:00"]
[Board "34"]

1. e4 c6 2. d4 d5 3. exd5 cxd5 4. Bd3 Nc6 5. c3 Qc7 6. h3 Nf6 7. Nf3 g6 8. Qc2 Bg7 9. O-O O-O 10. Re1 Be6 11. Be3 Rfc8 12. a3 Qd7 13. Qd1 Bf5 14. Bf1 Ne4 15. Nbd2 Nxd2 16. Qxd2 Na5 17. Rad1 Qa4 18. Bh6 Re8 19. Bxg7 Kxg7 20. g4 Bc2 21. Bb5 Qxb5 22. Qxc2 Nc4 23. Re2 a5 24. Rde1 e6 25. Qc1 Qb6 26. h4 a4 27. Kg2 Ra5 28. h5 Rb5 29. hxg6 hxg6 30. Rh1 Rh8 31. Rxh8 Kxh8 32. Qh6+ Kg8 33. Ng5 1-0


[Site "https://www.chess.com"]

[Event "Titled Tuesday Blitz July 11 Late 2023"]
[White "MFatigue"]
[Black "Zhigalko, Sergei"]
[BlackFideId "13502956"]
[WhiteElo "2533"]
[BlackElo "2878"]
[Result "0-1"]
[Round "2"]
[TimeControl "180+2"]
[Date "2023.07.11"]
[WhiteClock "0:00:12"]
[BlackClock "0:00:08"]
[Board "35"]

1. e4 c5 2. a3 Nf6 3. e5 Nd5 4. d4 cxd4 5. Qxd4 e6 6. Nf3 Nc6 7. Qd1 Nde7 8. Nc3 Ng6 9. Nb5 Ngxe5 10. Nxe5 Nxe5 11. Nd6+ Bxd6 12. Qxd6 Nc6 13. Bf4 Qe7 14. O-O-O e5 15. Be3 b6 16. Bb5 Qxd6 17. Rxd6 Bb7 18. f4 O-O-O 19. Bxc6 Bxc6 20. fxe5 Bxg2 21. Rg1 Be4 22. Rxg7 Bg6 23. Bg5 Rde8 24. Bf6 Rhf8 25. h4 h5 26. Kd2 Re6 27. Ke3 Rfe8 28. Rxe6 dxe6 29. Kf4 b5 30. c3 a5 31. Kg5 a4 32. Rxg6 fxg6 33. Kxg6 Kd7 34. Kxh5 Rg8 35. Bg5 Ke8 36. Kh6 Kf7 37. Bf6 Rg2 38. h5 Rxb2 39. Kg5 Rg2+ 40. Kf4 Rh2 41. Kg4 Rh1 42. Kg5 Rh3 43. Kg4 Rxc3 44. h6 Kg6 45. Be7 Rc4+ 46. Kf3 Kxh6 47. Ke3 Kg6 48. Kd3 Kf5 49. Bd6 Re4 50. Kc3 Rg4 51. Kd3 Rf4 52. Kc3 Re4 53. Kd3 Rxe5 54. Bxe5 Kxe5 55. Kc3 Kd5 56. Kb4 Kc6 57. Kc3 Kc5 58. Kd3 b4 0-1


[Site "https://www.chess.com"]

[Event "Titled Tuesday Blitz July 11 Late 2023"]
[White "Dardha, Daniel"]
[Black "Kanyamarala, Tarun"]
[WhiteFideId "240990"]
[BlackFideId "45004714"]
[WhiteElo "2866"]
[BlackElo "2531"]
[Result "1-0"]
[Round "2"]
[TimeControl "180+2"]
[Date "2023.07.11"]
[WhiteClock "0:01:21"]
[BlackClock "0:01:00"]
[Board "36"]

1. d4 Nf6 2. Bg5 c5 3. dxc5 e6 4. e4 Bxc5 5. Nc3 Nc6 6. Qd2 h6 7. Bxf6 Qxf6 8. f4 O-O 9. e5 Qh4+ 10. g3 Qe7 11. O-O-O f6 12. exf6 Qxf6 13. Ne4 Qe7 14. Nxc5 Qxc5 15. Nf3 d5 16. Bd3 Bd7 17. Rhe1 Rac8 18. Kb1 Rf6 19. Ne5 Nxe5 20. Rxe5 Be8 21. Rde1 Bf7 22. g4 Qb6 23. g5 hxg5 24. Rxg5 g6 25. Reg1 Kg7 26. Qg2 Rg8 27. Bxg6 1-0


[Site "https://www.chess.com"]